 Dungeon Crawl Stone Soup version 0.20-a0-1109-ge3cd172 (webtiles) character file.

1556 Firecrotchwizard the Spear-Bearer (level 8, 0/56 HPs)
             Began as a Merfolk Gladiator on May 6, 2017.
             Was a Believer of Okawaru.
             Slain by a scorpion (3 damage)
             ... on level 7 of the Dungeon.
             The game lasted 00:21:05 (6989 turns).

Firecrotchwizard the Spear-Bearer (MfGl)            Turns: 6989, Time: 00:21:05

Health: 0/56       AC:  7    Str: 15    XL:     8   Next: 88%
Magic:  9/11       EV:  2    Int:  9    God:    Okawaru [**....]
Gold:   308        SH:  0    Dex: 15    Spells: 7/7 levels left

rFire    . . .     SeeInvis .   a - +1 trident
rCold    . . .     Gourm    .   (no shield)
rNeg     + + +     Faith    .   x - +0 ring mail
rPois    ∞         Spirit   .   c - +0 helmet
rElec    .         Reflect  +   (no cloak)
rCorr    .         Harm     .   (no gloves)
MR       .....                  (no boots)
Stlth    +.........             p - +3 amulet of reflection
Regen    0.2/turn               u - ring of flight {+Fly, !d}
MPRegen  0.2/turn               G - ring of loudness {Stlth-}

@: petrified, heroism
A: change form in water, swift swim, stealthy swim
a: Heroism, Renounce Religion, Evoke Flight


You were on level 7 of the Dungeon.
You worshipped Okawaru.
Okawaru was pleased with you.
You were hungry.

You visited 2 branches of the dungeon, and saw 8 of its levels.

You collected 308 gold pieces.

Inventory:

Hand Weapons
 a - a +1 trident (weapon)
 l - a +1 dagger of holy wrath
   (You took it off an orc wizard on level 7 of the Dungeon)
 C - a +0 blowgun
   (You found it on level 3 of the Dungeon)
Missiles
 d - 3 throwing nets {=f, !d}
 D - 25 poisoned needles
 F - 9 tomahawks (quivered)
Armour
 c - a +0 helmet (worn)
 x - a +0 ring mail (worn)
   (You found it on level 2 of the Dungeon)
 H - a cursed +0 ring mail
   (You found it on level 7 of the Dungeon)
Jewellery
 p - a +3 amulet of reflection (around neck)
   (You found it on level 1 of the Dungeon)
 u - a ring of flight (left hand) {+Fly, !d}
   (You found it on level 2 of the Dungeon)
 G - a ring of loudness (right hand) {Stlth-}
   (You found it on level 5 of the Dungeon)
Wands
 e - a wand of iceblast (9/15)
   (You found it on level 5 of the Dungeon)
 v - a wand of lightning (11/15)
   (You found it on level 5 of the Dungeon)
 B - a wand of iceblast (14/15)
   (You found it on level 4 of the Dungeon)
 E - a wand of flame (12/48)
   (You took it off Eustachio on level 6 of the Dungeon)
Scrolls
 g - a scroll of enchant weapon
 q - a scroll of teleportation
 t - 2 scrolls of magic mapping {!r}
 y - 2 scrolls of remove curse
Potions
 b - 2 potions of resistance
 i - a potion of curing {unknown}
 j - a potion of magic {unknown}
 k - a potion of brilliance {unknown}
 n - 2 potions of haste
 o - 4 potions of heal wounds
 r - 3 potions of flight
 s - a potion of cancellation {unknown}
 z - a potion of berserk rage {unknown}
 A - a potion of degeneration {unknown}
Books
 m - a book of Minor Magic
   (You found it on level 3 of the Dungeon)
Comestibles
 f - 4 bread rations {@e1}
 w - 2 meat rations {@e2}


   Skills:
 - Level 2.1(7.1) Fighting
 * Level 13.8(18.8) Polearms
 - Level 2.0(7.0) Throwing
 - Level 4.0(9.0) Dodging
 + Level 4.5 Evocations


You had 7 spell levels left.
You didn't know any spells.

Dungeon Overview and Level Annotations

Branches:
Dungeon (7/15)             Temple (1/1) D:4

Altars:
Ashenzari
Cheibriados
Dithmenos
Elyvilon
Fedhas
Gozag
Hepliaklqana
Kikubaaqudgha
Makhleb
Nemelex Xobeh
Okawaru
Qazlal
Sif Muna
Trog
Uskayaw
Vehumet
Xom
Yredelemnul
Zin
The Shining One

Annotations:
D:3 exclusion: door


Message History

a dagger; an orc skeleton
F - 9 tomahawks (gained 1)
F - 10 tomahawks (gained 1)
H - a runed ring mail All of the chunks of flesh in your inventory have rotted away.
y - 2 scrolls of remove curse (gained 1)
Found a stone staircase leading down.
D - 25 poisoned needles (gained 8)
A howler monkey comes into view.
The howler monkey howls!
Aim: a howler monkey You throw a tomahawk.
The tomahawk hits the howler monkey.
The howler monkey hoots and howls with incredible vigour!
A centaur comes into view.
The centaur shouts!
The centaur wields a shortbow.
The centaur shoots an arrow.
The arrow hits you!
You see here an arrow.
You take 12 damage, and have 44/56 hp.
MASSIVE DAMAGE!!
The centaur shoots an arrow.
The arrow hits you.
The centaur shoots an arrow.
The arrow barely misses you.
You see here an arrow.
You take 2 damage, and have 42/56 hp.
You gain the combat prowess of a mighty hero.
The howler monkey closely misses you.
You now have 9/11 mp.
You puncture the centaur!
You are feeling hungry.
The centaur unwields an uncursed shortbow.
The centaur closely misses you. The howler monkey barely misses you.
You puncture the centaur!
You kill the centaur!
Okawaru accepts your kill.
A basilisk comes into view.
You closely miss the howler monkey.
The basilisk hisses angrily.
You punch the howler monkey.
The howler monkey completely misses you.
You puncture the howler monkey!
You kill the howler monkey!
Okawaru accepts your kill.
Attack whom?
Aim: a basilisk You reach to attack!
You hit the basilisk.
Attack whom?
Aim: a basilisk (lightly wounded)
You reach to attack!
You closely miss the basilisk. You hit the basilisk. You hit the basilisk.
The basilisk misses you.
You puncture the basilisk! The basilisk gazes at you.
You are slowing down.
You hit the basilisk.
You feel like a meek peon again.
A quokka comes into view.
Unknown command.
You closely miss the basilisk. The basilisk barely misses you.
Your limbs are stiffening.
You hit the basilisk but do no damage. The basilisk bites you!
You have turned to stone.
The basilisk bites you! The quokka completely misses you.
A scorpion comes into view.
The basilisk bites you. The quokka bites you.
The basilisk bites you but does no damage.
The quokka bites you but does no damage.
The basilisk bites you!
The quokka bites you but does no damage.
The quokka bites you but does no damage.
The basilisk gazes at you. The quokka bites you. The basilisk bites you!
The quokka bites you but does no damage.
The basilisk bites you. The quokka bites you.
You turn to flesh and can move again.
You take 26 damage, and have 18/56 hp.
MASSIVE DAMAGE!!
MP restored: 11 You gain the combat prowess of a mighty hero.
The basilisk bites you but does no damage.
The quokka closely misses you. The scorpion barely misses you.
You now have 9/11 mp.
You hit the basilisk. The basilisk gazes at you.
You are slowing down.
The quokka bites you but does no damage.
You puncture the basilisk! The scorpion stings you. The basilisk bites you.
* * * LOW HITPOINT WARNING * * *
The quokka bites you but does no damage.
You take 3 damage, and have 15/56 hp.
You hit the basilisk but do no damage. The scorpion stings you!
* * * LOW HITPOINT WARNING * * *
The quokka completely misses you. The basilisk gazes at you.
Your limbs have turned to stone.
You have turned to stone.
The scorpion stings you.
* * * LOW HITPOINT WARNING * * *
The quokka bites you but does no damage.
The basilisk bites you!
* * * LOW HITPOINT WARNING * * *
The scorpion stings you.
You die...

#.....# #.#
####.....#####.#
.............#.# ######
####.........#.##......
#...................
#..............(....
#.........)..!......
#.####....(.s...%...
......[....(.@.....!.
#.............rl.......
#..............########
#........)......#
...........(.l#
.................#
##.####..........# #.
#..#.......#
#..+.......#


You could see a basilisk, a scorpion and a quokka.

Vanquished Creatures
  Grinder (D:6)
  Eustachio (D:6)
  Edmund (D:6)
  2 orc warriors
  A sky beast (D:6)
  2 ogres
  A centaur (D:7)
  A wyvern skeleton (D:5)
  A howler monkey (D:7)
  2 crimson imps
  2 orc wizards (D:7)
  Jessica (D:3)
  2 iguanas (D:6)
  A worker ant (D:5)
  11 adders
  A howler monkey skeleton (D:6)
  A shadow imp (D:6)
  An ooze (D:3)
  4 worms
  4 dart slugs
  5 leopard geckos
  12 orcs
  3 ball pythons
  4 giant cockroaches
  4 goblins
  11 hobgoblins
  2 jackals (D:5)
  12 kobolds
  3 quokkas
  4 bats
  6 frilled lizards
  A giant cockroach zombie (D:5)
  A leopard gecko skeleton (D:4)
  5 rats
114 creatures vanquished.

Vanquished Creatures (others)
  A kobold (D:3)
1 creature vanquished.

Grand Total: 115 creatures vanquished

Notes
Turn   | Place    | Note
-------+----------+-------------------------------------------
     0 | D:1      | Firecrotchwizard the Merfolk Gladiator began the quest for the Orb.
     0 | D:1      | Reached XP level 1. HP: 16/16 MP: 1/1
     6 | D:1      | Noticed a black mamba
     6 | D:1      | Noticed a hog
     6 | D:1      | Noticed an iguana
    64 | D:1      | Reached skill level 5 in Polearms
   100 | D:1      | Reached XP level 2. HP: 12/22 MP: 2/2
   873 | D:1      | Reached XP level 3. HP: 27/27 MP: 3/3
   940 | D:1      | Reached skill level 6 in Polearms
  1142 | D:2      | Found a shadowy altar of Dithmenos.
  1213 | D:2      | Found a faded altar of an unknown god.
  1357 | D:2      | Reached XP level 4. HP: 24/33 MP: 4/4
  1362 | D:2      | Reached skill level 7 in Polearms
  2420 | D:3      | Reached skill level 8 in Polearms
  2420 | D:3      | Reached XP level 5. HP: 32/38 MP: 5/5
  2546 | D:3      | Noticed Jessica
  2551 | D:3      | Killed Jessica
  2816 | D:3      | Found a burning altar of Makhleb.
  2898 | D:3      | Found a blossoming altar of Fedhas.
  3131 | D:4      | Noticed an ogre
  3141 | D:4      | Killed an ogre
  3141 | D:4      | Reached skill level 9 in Polearms
  3141 | D:4      | Reached XP level 6. HP: 20/44 MP: 6/6
  3696 | D:4      | Noticed an orc warrior
  3778 | D:4      | Killed an orc warrior
  3778 | D:4      | Reached skill level 10 in Polearms
  4213 | D:4      | Found a staircase to the Ecumenical Temple.
  4222 | Temple   | Entered the Ecumenical Temple
  4581 | D:4      | Found an iron altar of Okawaru.
  4584 | D:4      | Became a worshipper of Warmaster Okawaru
  4716 | D:5      | Entered Level 5 of the Dungeon
  4741 | D:5      | Reached XP level 7. HP: 50/50 MP: 7/7
  4804 | D:5      | Found a sparkling altar of Nemelex Xobeh.
  4944 | D:5      | Reached skill level 11 in Polearms
  4944 | D:5      | Reached skill level 1 in Evocations
  5480 | D:6      | Noticed Edmund
  5505 | D:6      | Killed Edmund
  5505 | D:6      | Reached * piety under Okawaru
  5505 | D:6      | Reached skill level 2 in Evocations
  5774 | D:6      | Reached skill level 12 in Polearms
  5774 | D:6      | Reached XP level 8. HP: 18/56 MP: 6/10
  6065 | D:6      | Noticed Eustachio
  6097 | D:6      | Killed Eustachio
  6097 | D:6      | Reached skill level 3 in Evocations
  6176 | D:6      | Noticed Grinder
  6180 | D:6      | Paralysed by Grinder for 3 turns
  6200 | D:6      | Paralysed by Grinder for 4 turns
  6207 | D:6      | Killed Grinder
  6207 | D:6      | Reached skill level 13 in Polearms
  6707 | D:7      | Reached skill level 4 in Evocations
  6720 | D:7      | Reached ** piety under Okawaru
  6987 | D:7      | HP: 11/56 [scorpion (5)]
  6988 | D:7      | HP: 3/56 [basilisk (5)]
  6989 | D:7      | Slain by a scorpion

Vault maps used:
D:1:      onia_arrival_zoo_common
D:2:      nicolae_dithmenos_shadow_blocks, chequers_ecumenical_altar_simple,
          lemuel_another_geyser
D:3:      lightli_temple_of_fire, lemuel_crystal_altar, uniq_jessica
D:4:      kennysheep_mini_moat, minmay_temple_entry_poolview, first_bread
D:5:      basic_altar, lemuel_statue_altar
D:6:      uniq_eustachio, uniq_grinder, uniq_edmund
D:7:      nicolae_overflow_crystal_walls, serial_shops, shop
Temple:   nicolae_temple_elliptical

Skill      XL: |  1  2  3  4  5  6  7  8 |
---------------+-------------------------+-----
Polearms       | 5 6 8 9 10 12 13 | 13.8
Evocations     | 2 4 |  4.5
Fighting       | |  2.1
Throwing       | |  2.0
Dodging        | |  4.0

Action                   |  1- 3 |  4- 6 |  7- 9 || total
-------------------------+-------+-------+-------++-------
Melee: Trident           |   123 |   193 |   210 ||   526
       Punch             |       |       |     1 ||     1
Throw: Tomahawk          |     8 |    33 |    50 ||    91
Invok: Heroism           |       |       |     6 ||     6
Evoke: Wand              |       |       |     1 ||     1
  Use: Scroll            |       |       |    17 ||    17
  Eat: Chunk             |     1 |     9 |     1 ||    11
       Meat ration       |       |     1 |       ||     1
       Royal jelly       |       |       |     1 ||     1
       Fruit             |       |       |     1 ||     1
Armor: Leather armour    |    17 |    11 |       ||    28
       Ring mail         |       |    27 |    45 ||    72
Dodge: Dodged            |    47 |    64 |    49 ||   160
Block: Other             |     5 |    17 |     8 ||    30
       Reflection        |     2 |     3 |       ||     5

Vault maps used:
D:1:      onia_arrival_zoo_common
D:2:      nicolae_dithmenos_shadow_blocks, chequers_ecumenical_altar_simple,
          lemuel_another_geyser
D:3:      lightli_temple_of_fire, lemuel_crystal_altar, uniq_jessica
D:4:      kennysheep_mini_moat, minmay_temple_entry_poolview, first_bread
D:5:      basic_altar, lemuel_statue_altar
D:6:      uniq_eustachio, uniq_grinder, uniq_edmund
D:7:      nicolae_overflow_crystal_walls, serial_shops, shop
Temple:   nicolae_temple_elliptical

Table legend:
 A = Turns spent in this place as a percentage of turns spent in the entire game.
 B = Non-inter-level travel turns spent in this place as a percentage of non-inter-level travel turns spent in the entire game.
 C = Inter-level travel turns spent in this place as a percentage of turns spent in this place.
 D = Turns resting spent in this place as a percentage of non-inter-level travel turns spent in this place.
 E = Turns spent auto-exploring this place as a percentage of non-inter-level travel turns spent in this place.
 F = Non-inter-level travel turns spent in this place divided by the number of levels of this place that you've seen.
                   A       B       C       D       E      F
               +-------+-------+-------+-------+-------+----------------------
         Total | 100.0 | 100.0 |   0.9 |   3.8 |  13.4 | 186.1
       Dungeon |  97.3 |  97.4 |   0.8 |   3.9 |  12.7 | 207.1
        Temple |   2.7 |   2.6 |   2.5 |   0.0 |  41.0 |  39.0
               +-------+-------+-------+-------+-------+----------------------

Table legend:
 A = Kills in this place as a percentage of kills in entire the game.
 B = Kills by you in this place as a percentage of kills by you in the entire game.
 C = Kills by friends in this place as a percentage of kills by friends in the entire game.
 D = Other kills in this place as a percentage of other kills in the entire game.
 E = Experience gained in this place as a percentage of experience gained in the entire game.
 F = Experience gained in this place divided by the number of levels of this place that you have seen.
                   A       B       C       D       E      F
               +-------+-------+-------+-------+-------+----------------------
         Total | 100.0 | 100.0 |  -nan | 100.0 | 100.0 | 278.0
       Dungeon | 100.0 | 100.0 |  -nan | 100.0 | 100.0 | 317.7
               +-------+-------+-------+-------+-------+----------------------
